 Dungeon Sprint DCSS version 0.20-a0-1126-g0f15420 (webtiles) character file.

6988 potatolord6000 the Warrior (level 11, -28/143 HPs)
             Began as an Ogre Fighter on May 17, 2017.
             Was an Initiate of Gozag.
             Annihilated by an orc warrior
             ... wielding a +2 trident of venom
              (29 damage)
             ... in the Dungeon (Sprint IX: "|||||||||||||||||||||||||||||").
             The game lasted 00:04:51 (1959 turns).

potatolord6000 the Warrior (Ogre Fighter)           Turns: 1959, Time: 00:04:51

Health: -28/143    AC:  5    Str: 27    XL:     11   Next: 8%
Magic:  11/11      EV: 18    Int:  9    God:    Gozag
Gold:   1472       SH:  0    Dex: 14    Spells: 10/10 levels left

rFire    + . .     SeeInvis .   f - +7 great mace of the Blowfly {freeze, rF+}
rCold    . . .     Gourm    .   (shield currently unavailable)
rNeg     . . .     Faith    .   b - +0 robe
rPois    .         Spirit   .   (helmet restricted)
rElec    .         Reflect  .   a - +0 cloak
rCorr    .         Harm     .   (gloves unavailable)
MR       +....     Clarity  +   (boots unavailable) Stlth +.........NoTele +
                                (no amulet)
Regen    0.4/turn               c - +3 ring of dexterity
MPRegen  0.2/turn               o - +3 ring of dexterity

@: lethally poisoned (-28 -> -67), gold aura
A: unfitting armour, clarity, shaggy fur 1, strong 1, tough skin 1
a: Potion Petition, Call Merchant, Bribe Branch, Renounce Religion


You were in the Dungeon.
You worshipped Gozag.
Gozag was most pleased with you.
You were full.

You visited 1 branch You collected 4833 gold pieces.
You spent 1007 gold pieces at shops.
You paid 2354 gold pieces to Gozag.

Inventory:

Hand Weapons
 f - the +7 great mace of the Blowfly (weapon) {freeze, rF+}
   (You bought it in a shop in the Dungeon)

   It has been specially enchanted to freeze those struck by it, causing extra
   injury to most foes and up to half again as much damage against particularly
   susceptible opponents.
   It can also slow down cold-blooded creatures.
   It protects you from fire.
Armour
 a - a +0 cloak (worn)
 b - a +0 robe (worn)
Jewellery
 c - a +3 ring of dexterity (left hand)
 o - a +3 ring of dexterity (right hand)
Scrolls
 k - 3 scrolls of blinking
 l - 8 scrolls of remove curse
 m - 2 scrolls of amnesia
 p - a scroll of recharging
 q - a scroll of fear
Potions
 d - a potion of brilliance
 e - 3 potions of curing
 g - a potion of invisibility
 h - a potion of heal wounds
 i - 4 potions of magic
 j - a potion of berserk rage
Comestibles
 n - 40 fruits
 r - 12 bread rations
 s - 11 meat rations


   Skills:
 + Level 18.4 Fighting
 + Level 13.5 Maces & Flails
 + Level 13.7 Dodging
   Level 4.8 Shields


You had 10 spell levels left.
You didn't know any spells.

Dungeon Overview and Level Annotations

Branches:
Dungeon (1/1)

Altars:
Cheibriados
Dithmenos
Elyvilon
Fedhas
Gozag
Hepliaklqana
Kikubaaqudgha
Makhleb
Nemelex Xobeh
Okawaru
Qazlal
Ru
Sif Muna
Trog
Uskayaw
Vehumet
Wu Jian
Xom
Yredelemnul
Zin
The Shining One
Beogh
Jiyva
Lugonu

Shops:
D ?(?


Innate Abilities, Weirdness & Mutations

You are too large for most types of armour.
You have tough skin. (AC +1)
You possess an exceptional clarity of mind.
You are covered in fur. (AC +1)
Your muscles are strong. (Str +2)


Message History

The orc warrior hits you from afar with a trident of venom!!!
You are poisoned.
Unknown command.
You feel sick. The orc warrior completely misses you.
The orc warrior hits you with a trident of venom!!
* * * LOW HITPOINT WARNING * * *
You are lethally poisoned!
Found 50 gold pieces.
Items here: $ )) [[ 131 gold pieces; a battleaxe; a plate armour; a halberd; a plate armour Unknown command.
You sock the orc warrior! You freeze the orc warrior.
The orc warrior is moderately wounded.
* * * LOW HITPOINT WARNING * * *
You feel very sick.
The orc warrior hits you from afar with a trident!
* * * LOW HITPOINT WARNING * * *
The orc warrior hits you with a trident of venom!!
You die...
Your body crumbles into a pile of gold. ▓▓▓▓▓▓▓▓▓▓▓▓▓▓▓▓▓▓▓▓▓▓▓▓ .')).[))))).)..'@ooo$ooo$$$$ $$$$

▓▓▓▓▓▓▓▓▓▓▓▓▓▓▓▓▓▓▓▓▓▓▓▓▓▓▓▓▓▓▓▓▓
.................................
▓▓▓▓▓▓▓▓▓▓▓▓▓▓▓▓▓▓▓▓▓▓▓▓▓▓▓▓▓▓▓▓▓
...).....'...∩.....'.........'...
▓▓▓▓▓▓▓▓▓▓▓▓▓▓▓▓▓▓▓▓▓▓▓▓▓▓▓▓▓▓▓▓▓
.................................
▓▓▓▓▓▓▓▓▓▓▓▓▓▓▓▓▓▓▓▓▓▓▓▓▓▓▓▓▓▓▓▓▓
....'________________________'../


You could see an orc knight, 4 orc warriors and an orc.

Vanquished Creatures
  An unseen horror (D)
  An orc knight (D)
  A black mamba (D)
  3 spiny frogs (D)
  A komodo dragon (D)
  A rime drake (D)
  2 trolls (D)
  7 polar bears (D)
  A hippogriff (D)
  A yak (D)
  A wyvern (D)
  A basilisk (D)
  3 water moccasins (D)
  2 porcupines (D)
  4 orc warriors (D)
  A black bear (D)
  A necrophage (D)
  A wolf (D)
  A centaur (D)
  2 crocodiles (D)
  2 bullfrogs (D)
  A wight (D)
  A howler monkey (D)
  A quasit (D)
  4 orc priests (D)
  A hound (D)
  An orc wizard (D)
  2 shadow imps (D)
  A leopard gecko (D)
  5 orcs (D)
  A bat zombie (D)
  A jackal (D)
  3 bats (D)
  A leopard gecko zombie (D)
  A quokka skeleton (D)
  A rat (D)
63 creatures vanquished.

Notes
Turn   | Place    | Note
-------+----------+-------------------------------------------
     0 | D        | potatolord6000 the Ogre Fighter began the quest for the Orb.
     0 | D        | Reached XP level 1. HP: 24/24 MP: 1/1
   118 | D        | Noticed a centaur
   128 | D        | Killed a centaur
   128 | D        | Reached skill level 6 in Fighting
   128 | D        | Reached XP level 2. HP: 16/37 MP: 2/2
   128 | D        | Reached XP level 3. HP: 20/45 MP: 3/3
   128 | D        | Reached XP level 4. HP: 23/53 MP: 4/4
   156 | D        | Found a roughly hewn altar of Beogh.
   156 | D        | Found a snail-covered altar of Cheibriados.
   156 | D        | Found a shadowy altar of Dithmenos.
   156 | D        | Found a white marble altar of Elyvilon.
   156 | D        | Found a blossoming altar of Fedhas.
   156 | D        | Found an opulent altar of Gozag.
   157 | D        | Found a hazy altar of Hepliaklqana.
   158 | D        | Found a viscous altar of Jiyva.
   159 | D        | Found an ancient bone altar of Kikubaaqudgha.
   160 | D        | Found a corrupted altar of Lugonu.
   161 | D        | Found a burning altar of Makhleb.
   162 | D        | Found a sparkling altar of Nemelex Xobeh.
   163 | D        | Found an iron altar of Okawaru.
   164 | D        | Became a worshipper of Gozag Ym Sagoz the Greedy
   165 | D        | Found a stormy altar of Qazlal.
   166 | D        | Found a sacrificial altar of Ru.
   167 | D        | Found a deep blue altar of Sif Muna.
   168 | D        | Found a bloodstained altar of Trog.
   169 | D        | Found a hide-covered altar of Uskayaw.
   170 | D        | Found a radiant altar of Vehumet.
   171 | D        | Found an ornate altar of the Wu Jian Council.
   172 | D        | Found a shimmering altar of Xom.
   173 | D        | Found a basalt altar of Yredelemnul.
   174 | D        | Found a glowing silver altar of Zin.
   175 | D        | Found a glowing golden altar of the Shining One.
   359 | D        | Noticed a bullfrog
   368 | D        | Reached skill level 7 in Fighting
   368 | D        | Reached skill level 5 in Dodging
   368 | D        | Reached XP level 5. HP: 59/62 MP: 5/5
   377 | D        | Reached skill level 8 in Fighting
   377 | D        | Reached skill level 5 in Maces & Flails
   387 | D        | Killed an unseen horror
   387 | D        | Reached skill level 12 in Fighting
   387 | D        | Reached XP level 6. HP: 46/83 MP: 6/6
   387 | D        | Reached XP level 7. HP: 50/91 MP: 7/7
   405 | D        | Noticed a wyvern
   405 | D        | Noticed a troll
   405 | D        | Noticed a troll
   409 | D        | Killed a wyvern
   409 | D        | Reached XP level 8. HP: 60/101 MP: 8/8
   424 | D        | Killed a troll
   424 | D        | Reached skill level 13 in Fighting
   432 | D        | Killed a troll
   432 | D        | Reached skill level 10 in Dodging
   438 | D        | Reached skill level 10 in Maces & Flails
   574 | D        | Gained mutation: Your muscles are strong. (Str +2) [potion of mutation]
   574 | D        | Gained mutation: You are covered in fur. (AC +1) [potion of mutation]
   574 | D        | Gained mutation: You possess an exceptional clarity of mind. [potion of mutation]
   754 | D        | Noticed a spiny frog
   754 | D        | Noticed a komodo dragon
   763 | D        | Killed a spiny frog
   763 | D        | Reached skill level 14 in Fighting
   763 | D        | Reached XP level 9. HP: 82/114 MP: 9/9
   785 | D        | Killed a komodo dragon
   785 | D        | Reached skill level 15 in Fighting
   787 | D        | Noticed a spiny frog
   813 | D        | Killed a spiny frog
   828 | D        | Bought a scroll of enchant weapon for 97 gold pieces
  1161 | D        | Noticed a rime drake
  1161 | D        | Noticed a black mamba
  1161 | D        | Noticed a spiny frog
  1165 | D        | Killed a rime drake
  1165 | D        | Reached skill level 16 in Fighting
  1168 | D        | Reached XP level 10. HP: 123/127 MP: 10/10
  1179 | D        | Killed a black mamba
  1189 | D        | Killed a spiny frog
  1200 | D        | Reached skill level 17 in Fighting
  1575 | D        | Bought the +7 great mace of the Blowfly {freeze, rF+} for 910 gold pieces
  1712 | D        | Reached skill level 18 in Fighting
  1730 | D        | Reached XP level 11. HP: 69/141 MP: 11/11
  1948 | D        | Noticed an orc knight
  1951 | D        | Noticed an orc knight
  1955 | D        | Killed an orc knight
  1959 | D        | HP: 1/143 [orc warrior/trident (13)]
  1959 | D        | Annihilated by an orc warrior

Vault maps used:
D:        linesprint

Skill      XL: |  1  2  3  4  5  6  7  8  9 10 |
---------------+-------------------------------+-----
Maces & Flails | 4 8 9 10 11 13 | 13.5
Dodging        | 4 5 8 9 10 12 13 | 13.7
Shields        | 4 |  4.8
Fighting       | 6 7 12 14 16 18 | 18.4

Action                   |  1- 3 |  4- 6 |  7- 9 | 10-12 || total
-------------------------+-------+-------+-------+-------++-------
Melee: Flail             |    21 |    22 |       |       ||    43
       Dire flail        |       |    24 |    95 |    74 ||   193
       Great mace        |       |       |       |    34 ||    34
Invok: Call Merchant     |       |       |     2 |     1 ||     3
       Potion Petition   |       |       |       |     1 ||     1
  Use: Potion            |     2 |     2 |     5 |     2 ||    11
       Scroll            |       |       |     1 |       ||     1
 Stab: Distracted        |       |     1 |     1 |       ||     2
  Eat: Bread ration      |       |       |     1 |       ||     1
       Meat ration       |       |       |       |     1 ||     1
Armor: Robe              |     9 |    12 |    18 |    21 ||    60
Dodge: Dodged            |    12 |    23 |    64 |    72 ||   171
Block: Shield            |    12 |     5 |       |       ||    17
